 Dungeon Sprint DCSS version 0.19-a0-1401-g902f63d (webtiles) character file.

1183 Leszczynek the Bludgeoner (level 8, -3/79 HPs)
             Began as an Ogre Hunter on Sept 4, 2016.
             Was an Initiate of Hepliaklqana.
             Succumbed to Sonja's poison
             ... in the Dungeon (Sprint I: "Red Sonja").
             The game lasted 00:02:47 (530 turns).

Leszczynek the Bludgeoner (Ogre Hunter)              Turns: 530, Time: 00:02:48

Health: -3/79      AC:  4    Str: 23    XL:     8   Next: 42%
Magic:  8/8        EV: 14    Int: 10    God:    Hepliaklqana [......]
Gold:   307        SH:  0    Dex: 12    Spells: 0 memorised, 7 levels left

rFire  . . .     SeeInvis .     m - +0 giant club
rCold  . . .     Gourm    .     n - +1 robe {rN+}
rNeg   + . .     Faith    .     (shield currently unavailable)
rPois  .         Spirit   .     (helmet restricted)
rElec  .         Dismiss  .     (no cloak)
rCorr  .         Reflect  .     (gloves unavailable)
MR     .....     Harm     .     (boots unavailable)
Stlth  +......... NoTele   +    (no amulet)
                                (no ring)
                                (no ring)

@: mighty, lethally poisoned (-3 -> -64), exhausted, very slightly contaminated,
hasted and slowed
A: unfitting armour, tough skin 1
a: Recall Ancestor, Ancestor Identity, Renounce Religion


You were in the Dungeon.
You worshipped Hepliaklqana.
Hepliaklqana was noncommittal.
You were not hungry.

You visited 1 branch You collected 307 gold pieces.

Inventory:

Hand Weapons
 a - a +0 short sword
 m - a +0 giant club (weapon)
Missiles
 d - 2 throwing nets
 l - 3 large rocks (quivered)
Armour
 b - a +0 robe
 n - a +1 robe of positive energy (worn)
Wands
 c - a wand of random effects (25/48)
Scrolls
 k - a scroll of blinking
 p - a scroll of enchant weapon {unknown}
Potions
 i - 2 potions of magic
Comestibles
 f - a bread ration
 o - 2 chunks of flesh


   Skills:
 - Level 8.0 Fighting
 - Level 15.4 Maces & Flails
 - Level 8.2 Throwing
 + Level 8.7 Dodging
 - Level 0.7 Stealth


You had 7 spell levels left.
You didn't know any spells.

Dungeon Overview and Level Annotations

Branches:
Dungeon (1/1)

Altars:
Cheibriados
Dithmenos
Elyvilon
Fedhas
Gozag
Hepliaklqana
Kikubaaqudgha
Makhleb
Nemelex Xobeh
Okawaru
Qazlal
Ru
Sif Muna
Trog
Uskayaw
Vehumet
Xom
Yredelemnul
Zin
The Shining One
Jiyva
Lugonu

Shops:
D [


Innate Abilities, Weirdness & Mutations

You are too large for most types of armour.
You have tough skin. (AC +1)


Message History

Unknown command.
You swap places.
* * * LOW HITPOINT WARNING * * *
You feel very sick.
There is an open door, spattered with blood here.
Things that are here:
an uncursed dagger of venom; an uncursed blowgun; the kobold corpse of Sonja You feel a strong urge to attack something.
You are no longer berserk.
You are exhausted.
You feel as though you will be slow longer.
* * * LOW HITPOINT WARNING * * *
You feel very sick.
Unknown command.
It was a potion of might.
You feel very mighty all of a sudden.
* * * LOW HITPOINT WARNING * * *
You feel very sick.
Unknown command.
You die...

###################
#<.#..'..#.)'..#__#
#..)..#..'..#..'^.+
#..#####'#####'#__#
#..####..#...#.####
#..#__####..##.#
#..#_____##'#..+
#⌠⌠#_.∩..((.(._#
####_..__##_@#'#
#_____###R#(#
####### #.### +$.$+
#$.(# ##.## #+#


You could see the friendly Cuahtemoc the ancestor.

Vanquished Creatures
  Sonja (D)
  A slime creature (D)
  Sigmund (D)
  A yak (D)
  An ogre (D)
  A jelly (D)
  Ijyb (D)
7 creatures vanquished.

Vanquished Creatures (others)
  A gargoyle (D)
1 creature vanquished.

Grand Total: 8 creatures vanquished

Notes
Turn   | Place    | Note
-------+----------+-------------------------------------------
     0 | D        | Leszczynek the Ogre Hunter began the quest for the Orb.
     0 | D        | Reached XP level 1. HP: 22/22 MP: 1/1
     1 | D        | Noticed Ijyb
     6 | D        | Killed Ijyb
     6 | D        | Reached skill level 8 in Fighting
     6 | D        | Reached XP level 2. HP: 16/41 MP: 2/2
     6 | D        | Reached XP level 3. HP: 18/48 MP: 3/3
    22 | D        | HP: 4/48 [poisoned by Ijyb]
    27 | D        | HP: 3/48 [poisoned by Ijyb]
    34 | D        | HP: 2/48 [poisoned by Ijyb]
    42 | D        | HP: 1/48 [poisoned by Ijyb]
   268 | D        | Killed a gargoyle
   337 | D        | Noticed an ogre
   339 | D        | Killed an ogre
   339 | D        | Reached skill level 8 in Throwing
   339 | D        | Reached XP level 4. HP: 57/57 MP: 4/4
   354 | D        | Noticed Sigmund
   357 | D        | Killed Sigmund
   357 | D        | Reached skill level 10 in Maces & Flails
   357 | D        | Reached XP level 5. HP: 63/63 MP: 5/5
   357 | D        | Reached XP level 6. HP: 72/72 MP: 6/6
   386 | D        | Found a deep blue altar of Sif Muna.
   388 | D        | Found a radiant altar of Vehumet.
   393 | D        | Reached skill level 11 in Maces & Flails
   420 | D        | Found Nutteib's Armour Emporium.
   420 | D        | Found an ancient bone altar of Kikubaaqudgha.
   420 | D        | Found a hazy altar of Hepliaklqana.
   420 | D        | Found a stormy altar of Qazlal.
   420 | D        | Found a hide-covered altar of Uskayaw.
   420 | D        | Found a blossoming altar of Fedhas.
   420 | D        | Found a bloodstained altar of Trog.
   420 | D        | Found an iron altar of Okawaru.
   420 | D        | Found a basalt altar of Yredelemnul.
   420 | D        | Found a glowing golden altar of the Shining One.
   420 | D        | Found a snail-covered altar of Cheibriados.
   420 | D        | Found a sacrificial altar of Ru.
   420 | D        | Found a glowing silver altar of Zin.
   420 | D        | Found a shadowy altar of Dithmenos.
   420 | D        | Found a white marble altar of Elyvilon.
   420 | D        | Noticed a yak
   423 | D        | Killed a yak
   423 | D        | Reached skill level 13 in Maces & Flails
   424 | D        | Found an opulent altar of Gozag.
   425 | D        | Found a sparkling altar of Nemelex Xobeh.
   431 | D        | Became a worshipper of Hepliaklqana
   454 | D        | Found a burning altar of Makhleb.
   454 | D        | Found a viscous altar of Jiyva.
   454 | D        | Found a shimmering altar of Xom.
   454 | D        | Found a corrupted altar of Lugonu.
   454 | D        | Noticed a slime creature
   460 | D        | Killed a slime creature
   460 | D        | Reached skill level 15 in Maces & Flails
   460 | D        | Reached XP level 7. HP: 63/72 MP: 7/7
   505 | D        | Noticed Sonja
   526 | D        | Killed Sonja
   526 | D        | Reached skill level 8 in Dodging
   526 | D        | Reached XP level 8. HP: 29/79 MP: 8/8
   528 | D        | HP: 7/79 [poisoned by Sonja]
   529 | D        | HP: 2/79 [poisoned by Sonja]
   530 | D        | Succumbed to Sonja's poison

Vault maps used:
D:        dungeon_sprint_1

Skill      XL: |  1  2  3  4  5  6  7 |
---------------+----------------------+-----
Fighting       | 8 |  8.0
Throwing       | 8 |  8.2
Maces & Flails | 10 15 | 15.4
Dodging        | 8 |  8.7
Stealth        | |  0.7

Action                   |  1- 3 |  4- 6 |  7- 9 || total
-------------------------+-------+-------+-------++-------
Melee: Giant club        |       |     9 |     5 ||    14
Throw: Large rock        |     7 |     3 |     2 ||    12
  Use: Potion            |       |     1 |     4 ||     5
Armor: Robe              |       |     1 |     5 ||     6
Dodge: Dodged            |     3 |     3 |     8 ||    14
